 Dungeon Crawl Stone Soup version 0.21.1-1-g345015f (webtiles) character file.

6 Monsterracer the Scratcher (level 1, -1/9 HPs)
             Began as a Felid Transmuter on Feb 10, 2018.
             Slain by a hobgoblin
             ... wielding a +0 club
              (5 damage)
             ... on level 1 of the Dungeon.
             The game lasted 00:00:25 (477 turns).

Monsterracer the Scratcher (Felid Transmuter)        Turns: 477, Time: 00:00:25

Health: -1/9       AC:  1    Str:  6    XL:     1   Next: 75%
Magic:  4/4        EV: 18    Int: 14    God:
Gold:   0          SH:  0    Dex: 16    Spells: 3/4 levels left
                                        Lives:  0   Deaths: 0

rFire    . . .     SeeInvis +     - Unarmed
rCold    . . .     Gourm    .   (shield unavailable)
rNeg     . . .     Faith    .   (armour unavailable)
rPois    .         Spirit   .   (helmet unavailable)
rElec    .         Reflect  .   (cloak unavailable)
rCorr    .         Harm     .   (gloves unavailable)
MR       .....                  (boots unavailable)
Stlth    ++........             (no amulet)
HPRegen  0.03/turn              (no ring)
MPRegen  0.09/turn              (no ring)

@: appendage (expiring), quick
A: very small, no armour, no weapons or thrown items, stealth, claws 1, fangs 3,
horns 2, see invisible, carnivore, speed 1, shaggy fur 1, slow metabolism 1,
sharp paws
a: End Transformation


You were on level 1 of the Dungeon.
You were full.
You had grown temporary horns.
You visited 1 branch of the dungeon, and saw 1 of its levels.

Inventory:

Missiles
 a - 12 arrows
Scrolls
 d - a scroll of identify {unknown}
Books
 b - a book of Changes

   Spells                             Type                      Level
   a - Beastly Appendage              Transmutation                1
   b - Sticks to Snakes               Transmutation                2
   c - Spider Form                    Transmutation/Poison         3
   d - Ice Form                       Ice/Transmutation            4
   e - Blade Hands                    Transmutation                5
Comestibles
 c - 2 rations


   Skills:
 - Level 1.0 Fighting
 - Level 2.6 Dodging
 * Level 3.3 Unarmed Combat
 - Level 2.0 Spellcasting
 + Level 2.4 Transmutations


You had 3 spell levels left.
You knew the following spells:

 Your Spells              Type           Power        Failure   Level  Hunger
a - Beastly Appendage     Tmut           #.....       9%          1    ##.....


Dungeon Overview and Level Annotations

Branches:
Dungeon (1/15)

Altars:


Innate Abilities, Weirdness & Mutations

You cannot wear armour.
You are incapable of wielding weapons or throwing items.
Your paws allow you to move quietly. (Stealth)
You have sharp claws.
You have razor-sharp teeth.
You have supernaturally acute eyesight. (SInv)
You are carnivorous and can eat meat at any time.
You cover ground quickly.
You are covered in fur. (AC +1)
You have a slow metabolism.
Your sharp claws are effective at attacking unaware monsters.
You have a pair of horns on your head.


Message History

Your transformation is almost over.
The hobgoblin hits you with a club.
You take 4 damage, and have 5/9 hp.
MASSIVE DAMAGE!!
You are too injured to fight recklessly!
You closely miss the hobgoblin.
The hobgoblin is severely wounded.
The hobgoblin closely misses you.
You barely miss the hobgoblin. Your headbutt misses the hobgoblin.
You kill the hobgoblin!
Magic restored.
Your horns disappear.
Key pressed, stopping explore.
Found a chain mail.
Things that are here:
a club; a hobgoblin corpse; Health restored: 9; MP restored: 4 You butcher the hobgoblin corpse.
d - 2 chunks of flesh You see here a club. x2
Eating one of 2 chunks of flesh.
You eat one of the 2 chunks of flesh.
This raw flesh tastes great.
Eating a chunk of flesh.
You eat the chunk of flesh.
This raw flesh tastes great.
d - a scroll labeled VYROEF ARUNG You see here a chain mail.
Found a hat.
A bat comes into view.
Found a ration.
Casting: Beastly Appendage
Confirm with . or Enter, or press ? or * to list all spells.
You grow a pair of large bovine horns.
You now have 3/4 mp.
The bat closely misses you.
You miss the bat. Your headbutt misses the bat. The bat barely misses you.
The bat closely misses you. The bat misses you.
You miss the bat.
Your transformation is almost over.
The bat barely misses you. The bat hits you but does no damage.
You closely miss the bat. The bat barely misses you. The bat hits you.
You take 1 damage, and have 8/9 hp.
You completely miss the bat. The bat misses you.
You barely miss the bat. The bat completely misses you. The bat misses you.
The bat completely misses you.
MP restored: 4 You scratch the bat.
You headbutt the bat.
The bat is severely wounded.
The bat hits you.
You take 1 damage, and have 7/9 hp.
The bat barely misses you.
You scratch the bat.
You kill the bat!
No target in view!
No target in view!
Your horns disappear.
You butcher the bat corpse.
f - a chunk of flesh You see here a bat skeleton. x2
Eating a chunk of flesh.
You eat the chunk of flesh.
This raw flesh tastes great.
c - 2 rations (gained 1)
A hobgoblin comes into view. It is wielding a club.
Health restored: 9 A hobgoblin is nearby!
A hobgoblin is nearby!
A hobgoblin is nearby!
Casting: Beastly Appendage
Confirm with . or Enter, or press ? or * to list all spells.
You grow a pair of large bovine horns.
You now have 3/4 mp.
Your transformation is almost over.
The hobgoblin shouts!
A hobgoblin comes into view. It is wielding a club.
You scratch the hobgoblin.
You headbutt the hobgoblin, but do no damage.
The hobgoblin is moderately wounded.
The hobgoblin barely misses you.
You scratch the hobgoblin but do no damage.
Your headbutt misses the hobgoblin. Your bite misses the hobgoblin.
The hobgoblin is moderately wounded.
The hobgoblin completely misses you.
A dart slug comes into view.
You closely miss the hobgoblin.
The hobgoblin is moderately wounded.
The hobgoblin misses you.
You scratch the hobgoblin.
You kill the hobgoblin!
You scratch the hobgoblin but do no damage.
You headbutt the hobgoblin.
You bite the hobgoblin, but do no damage.
The hobgoblin is almost dead.
The hobgoblin hits you with a club.
Ouch! That really hurt!
* * * LOW HITPOINT WARNING * * *
You take 5 damage, and have 4/9 hp.
MASSIVE DAMAGE!!
You completely miss the hobgoblin.
The hobgoblin is almost dead.
The hobgoblin hits you with a club.
Ouch! That really hurt!
You die...

.####.>#.........##.#
.##....#.....#.#.##.###
..+......>............#
###..........###..#.#.#
+...................#
###...#.#.....$......##
......#..............#
.....................#
##.####.#.......@....#
...(..###.......g...##
..⌠.....#.#....#....#
⌠...⌠(.##.............
......## ###..##w#..###
..⌠..## #.. .....#
#...## #.. ......
#...#### ## #....##
..<....#


You could see a dart slug and a hobgoblin.

Vanquished Creatures
  A leopard gecko (D:1)
  2 hobgoblins (D:1)
  A bat (D:1)
  A rat (D:1)
5 creatures vanquished.

Notes
Turn   | Place    | Note
-------+----------+-------------------------------------------
     0 | D:1      | Monsterracer the Felid Transmuter began the quest for the Orb.
     0 | D:1      | Reached XP level 1. HP: 9/9 MP: 4/4
    49 | D:1      | HP: 4/9 [leopard gecko (3)]
   476 | D:1      | HP: 4/9 [hobgoblin/club (5)]
   477 | D:1      | Slain by a hobgoblin

Action                   || total
-------------------------++-------
Melee: Unarmed           ||    25
       Headbutt          ||     3
       Bite              ||     3
 Cast: Beastly Appendage ||     5
  Eat: Chunk             ||     4
Armor: Skin              ||     1
Dodge: Dodged            ||    21

Vault maps used:
D:1:      dpeg_arrival_leaves_temple_mockup, hangedman_decor_push,
          minmay_pentomino_v4
